 Dungeon Crawl Stone Soup version 0.29-a0-397-g846e4a0bbc (webtiles) character file.

Game seed: 8600063415808517221

51165 pokeman the Eclecticist (level 14, -4/80 HPs)
             Began as a Deep Elf Hedge Wizard on May 12, 2022.
             Was a High Priest of Vehumet.
             Slain by an enormous slime creature (42 damage)
             ... on level 15 of the Dungeon.
             The game lasted 01:06:29 (22680 turns).

pokeman the Eclecticist (Deep Elf Hedge Wizard)    Turns: 22680, Time: 01:06:30

Health: -4/80      AC: 14    Str:  7    XL:     14   Next: 22%
Magic:  19/40      EV: 12    Int: 25    God:    Vehumet [*****.]
Gold:   2245       SH:  5    Dex: 15    Spells: 35/54 levels left

rFire   . . .      SeeInvis +   j - +0 staff of Battle
rCold   + . .      Faith    .   V - +0 buckler
rNeg    . . .      Spirit   .   P - +5 robe of Night {Dark Will+ SInv}
rPois   .          Reflect  .   g - +0 helmet
rElec   .          Harm     .   f - +2 cloak
rCorr   .          Rampage  .   n - +0 pair of gloves of the Shining Light {Fly Regen+ Dex-5}
Will    ++...                   q - +0 pair of boots
Stlth   ++........              L - amulet of the acrobat
HPRegen 1.03/turn               H - +6 ring of dexterity
MPRegen 0.27/turn               x - ring of protection from cold

@: on blink cooldown, flying
A: no striking features
a: Renounce Religion


You were on level 15 of the Dungeon.
You worshipped Vehumet.
Vehumet was extremely pleased with you.
You visited 2 branches of the dungeon, and saw 16 of its levels.
You also visited: Bailey.

You collected 2955 gold pieces.
You spent 710 gold pieces at shops.

Inventory:

Hand Weapons
 j - the +0 staff of Battle (weapon)
   (You acquired it on level 3 of the Dungeon)

   It enhances your conjuration magic.
   It summons a battlesphere in combat, with strength depending on Conjurations
   skill.
   Its strikes trigger the battlesphere's blasts.
 s - the +8 autumn katana {vorpal, manifold assault}
   (You took it off a gnoll in a bailey)

   It sometimes launches melee attacks against multiple visible enemies.
 I - a +1 shortbow of freezing
 Y - a +2 arbalest of flaming
Armour
 f - a +2 cloak (worn)
 g - a +0 helmet (worn)
 h - a scarf of resistance
 n - the +0 pair of gloves of the Shining Light (worn) {Fly Regen+ Dex-5}
   (You acquired it on level 3 of the Dungeon)

   Dex:       It affects your dexterity (-5).
   Fly:       It grants you flight.
   Regen:     It increases your rate of health regeneration.
 o - a +2 robe of cold resistance
 q - a +0 pair of boots (worn)
 G - a +1 kite shield of reflection
 P - the +5 robe of Night (worn) {Dark Will+ SInv}
   (You took it off a hobgoblin in a bailey)

   It shrouds the wearer in darkness, reducing the range at which they can see
   and be seen by others.
   SInv:      It lets you see invisible.
   Will:      It increases your willpower.
 S - the +0 leather armour "Mimik" {rF+ Stlth+}
   (You found it on level 8 of the Dungeon)

   rF:        It protects you from fire.
   Stlth:     It makes you more stealthy.
 V - a +0 buckler (worn)
Jewellery
 i - an amulet of guardian spirit
 m - a ring of ice
 w - a +6 ring of strength
 x - a ring of protection from cold (right hand)
 H - a +6 ring of dexterity (left hand)
 L - an amulet of the acrobat (around neck)
 O - a ring of resist corrosion
 U - a ring of fire
Wands
 a - a wand of paralysis (12)
 l - a wand of mindburst (2)
 D - a wand of flame (27)
 T - a wand of iceblast (11)
Scrolls
 b - a scroll of amnesia
 c - 9 scrolls of teleportation
 p - 2 scrolls of poison
 r - 5 scrolls of vulnerability
 v - 4 scrolls of magic mapping
 y - 3 scrolls of blinking
 z - 3 scrolls of enchant weapon
 A - 2 scrolls of summoning
 E - a scroll of brand weapon
 K - a scroll of silence {unknown}
 N - 3 scrolls of immolation {unknown}
 Q - 2 scrolls of fog
 R - a scroll of torment {unknown}
 W - a scroll of enchant armour {unknown}
 X - 2 scrolls of noise {unknown}
Potions
 d - 2 potions of magic
 e - 2 potions of mutation {unknown}
 k - 15 potions of curing
 t - 5 potions of heal wounds
 u - 2 potions of lignification {unknown}
 B - a potion of ambrosia {unknown}
 C - 2 potions of cancellation {unknown}
 F - 2 potions of brilliance
 J - a potion of attraction {unknown}
 M - 3 potions of might {unknown}
Miscellaneous
 Z - a lightning rod (4/4)


   Skills:
 + Level 6.1 Fighting
 - Level 5.0 Armour
 - Level 3.0 Dodging
 - Level 3.1 Stealth
 - Level 5.0 Shields
 * Level 20.7 Spellcasting
 + Level 12.6 Conjurations
 - Level 1.1 Summonings
 - Level 1.1 Translocations
 + Level 11.4 Fire Magic
 - Level 1.1 Air Magic
 - Level 1.3 Poison Magic
 - Level 1.3 Evocations


You had 35 spell levels left.
You knew the following spells:

 Your Spells              Type           Power      Damage    Failure   Level
a - Magic Dart            Conj           100%       1d8       0%          1
b - Mephitic Cloud        Conj/Pois/Air  66%        N/A       1%          3
c - Call Imp              Summ           31%        N/A       1%          2
d - Blink                 Tloc           62%        N/A       1%          2
e - Conjure Flame         Conj/Fire      91%        6-21      1%          3
f - Shock                 Conj/Air       100%       1d9       1%          1
g - Orb of Destruction    Conj           46%        9d12      2%          7

Your spell library contained the following spells:

 Spells                   Type           Power      Damage    Failure   Level
 Lightning Bolt           Conj/Air       37%        1d55      1%          5
 Pain                     Necr           100%       1d9       1%          1
 Slow                     Hex            100%       N/A       1%          1
 Sting                    Tmut/Pois      100%       1d8       1%          1
 Poisonous Vapours        Pois/Air       64%        N/A       1%          2
 Stone Arrow              Conj/Erth      100%       3d13      1%          3
 Passwall                 Tmut/Erth      20%        N/A       3%          2
 Sublimation of Blood     Necr           25%        N/A       3%          2
 Wereblood                Tmut           25%        N/A       3%          2
 Olgreb's Toxic Radiance  Pois           32%        N/A       3%          4
 Gell's Gravitas          Tloc           31%        N/A       4%          3
 Lesser Beckoning         Tloc           31%        N/A       4%          3
 Summon Guardian Golem    Hex/Summ       28%        N/A       4%          3
 Teleport Other           Tloc           31%        N/A       4%          3
 Animate Dead             Necr           12%        N/A       21%         4
 Spellforged Servitor     Conj/Summ      37%        N/A       26%         7
 Agony                    Necr           25%        N/A       50%         5
 Borgnjor's Vile Clutch   Necr/Erth      12%        N/A       50%         5
 Excruciating Wounds      Necr           12%        N/A       50%         5
 Lehudib's Crystal Spear  Conj/Erth      36%        10d9      92%         8
 Death Channel            Necr           12%        N/A       97%         6
 Statue Form              Tmut/Erth      16%        N/A       97%         6
 Summon Hydra             Summ           15%        N/A       100%        7


Dungeon Overview and Level Annotations

Branches:
Dungeon (15/15)            Temple (1/1) D:4            Lair (0/6) D:9
    Orc (0/2) D:9          Vaults (0/5) D:14         Depths (0/4) D:15
 Bailey (visited)

Altars:
Ashenzari
Cheibriados
Dithmenos
Elyvilon
Fedhas
Gozag
Hepliaklqana
Kikubaaqudgha
Makhleb
Nemelex Xobeh
Okawaru
Qazlal
Ru
Sif Muna
Trog
Uskayaw
Vehumet
Wu Jian
Xom
Yredelemnul
Zin
The Shining One
Beogh

Shops:
D:3 ?   D:4 ?*

Annotations:
D:10 2 transporters


Message History

The large slime creature is almost dead.
Your battlesphere fires!
The barrage of energy hits the large slime creature.
The large slime creature is almost dead.
A large slime creature splits.
The large slime creature hits you!!
Casting: Shock (safe; 1% risk of failure)
Confirm with . or Enter, or press ? or * to list all spells.
You blink.
Two slime creatures merge to form a very large slime creature.
Unknown command.
The slime creature hits you but does no damage.
You feel stable enough to blink again.
Two slime creatures merge to form an enormous slime creature.
Casting: Blink (safe; 1% risk of failure)
Confirm with . or Enter, or press ? or * to list all spells.
Aiming: Shock (safe; 1% risk of failure)
Press: ? - help, Shift-Dir - straight line, f - enormous slime creature
Aim: an enormous slime creature (almost dead, 94% to hit)
You feel a surge of power!
The zap hits the enormous slime creature.
The enormous slime creature is almost dead.
Your battlesphere fires!
The barrage of energy hits the enormous slime creature!
The enormous slime creature is almost dead.
Casting: Shock (safe; 1% risk of failure)
Confirm with . or Enter, or press ? or * to list all spells.
Aiming: Shock (safe; 1% risk of failure)
Press: ? - help, Shift-Dir - straight line, f/p - enormous slime creature
Aim: an enormous slime creature (almost dead, ally target, 94% to hit)
You feel a surge of power!
The zap hits the enormous slime creature.
The enormous slime creature is almost dead.
Your battlesphere fires!
The barrage of energy hits the enormous slime creature!
The enormous slime creature is almost dead.
Casting: Shock (safe; 1% risk of failure)
Confirm with . or Enter, or press ? or * to list all spells.
You blink.
The enormous slime creature hits you!!!
Ouch! That really hurt!
You die...

........................#
.............########...#
.............# #...#
.............# #...#
.............# #...#
.............# #...#
##'#.........# #.###
...#.#####...########.#
...#.# #....§J@.*...#
...#.# ##########...#
...#.# #...# ...#.#
#...###### #.#
.....#*.....*.# #.#
.....#........# ####.#
.....#........# .....#
.....#........# ...###
.....#........#


You could see an enormous slime creature (ally target) and a friendly
battlesphere.

Vanquished Creatures
  Jorgrun (D:14)
  Roxanne (D:15)
  An ironbound preserver (D:14)
  A stone giant (D:15)
  Fannar (D:11)
  An ogre mage (D:15)
  3 boulder beetles
  9 two-headed ogres
  6 centaur warriors
  6 hydras
  Erica (D:8)
  7 tengu warriors
  A wizard (D:14)
  An orc knight (Bailey)
  A wolf spider (D:15)
  4 deep elf pyromancers
  2 manticores
  7 ugly things
  3 cyclopes
  A gargoyle (D:12)
  Maggie (D:8)
  2 yaktaurs
  2 kobold demonologists (Bailey)
  4 unseen horrors
  3 tengu conjurers
  A meliai (shapeshifter) (D:14)
  4 trolls
  A hornet (D:5)
  Prince Ribbit (D:6)
  A hornet (shapeshifter) (D:14)
  10 slime creatures
  12 yaks
  3 vampires
  3 wraiths
  4 fire bats (D:11)
  2 wyverns (D:11)
  A basilisk (shapeshifter) (D:15)
  A basilisk (D:14)
  2 steam dragons
  A warg (D:8)
  3 vampire mosquitoes (D:14)
  The ghost of logorrheac the Conjurer, an amateur DsCj (D:4)
  A hell hound (D:11)
  4 water moccasins
  25 orc warriors
  2 ice beasts
  A sky beast (D:7)
  A black bear (D:7)
  4 ogres
  10 centaurs
  4 kobold brigands
  Blork the orc (D:6)
  A bullfrog (D:6)
  2 gnoll sergeants
  2 scorpions (D:5)
  2 necrophages
  8 wights
  25 killer bees
  4 howler monkeys
  7 electric eels (Bailey)
  2 lava snakes (D:11)
  2 jellies (D:8)
  10 orc priests
  2 hounds
  3 iguanas
  9 orc wizards
  4 adders
  29 gnolls
  A white imp (D:7)
  2 ufetubi
  A worm (D:4)
  3 dart slugs
  65 orcs
  7 ball pythons
  6 endoplasms
  6 giant cockroaches
  13 goblins
  12 hobgoblins
  2 jackals (D:2)
  3 quokkas
  3 bats
  2 frilled lizards (D:2)
  25 kobolds
  4 rats (D:1)
  2 fire vortices (D:11)
443 creatures vanquished.

Vanquished Creatures (collateral kills)
  3 kobolds (D:4)
3 creatures vanquished.

Vanquished Creatures (others)
  A fire vortex (D:11)
  3 fungi (D:4)
  A plant (D:4)
5 creatures vanquished.

Grand Total: 451 creatures vanquished

Notes
Turn   | Place    | Note
-------+----------+-------------------------------------------
     0 | D:1      | pokeman the Deep Elf Hedge Wizard began the quest for the
                  | Orb.
     0 | D:1      | Reached XP level 1. HP: 10/10 MP: 7/7
   206 | D:1      | Reached XP level 2. HP: 8/16 MP: 1/9
   715 | D:1      | Reached skill level 5 in Spellcasting
   884 | D:1      | Reached XP level 3. HP: 20/20 MP: 7/11
   888 | D:1      | Learned a level 3 spell: Mephitic Cloud
   891 | D:1      | Learned a level 2 spell: Call Imp
   894 | D:1      | Learned a level 2 spell: Blink
   898 | D:1      | Learned a level 3 spell: Conjure Flame
  1309 | D:2      | Found a faded altar of an unknown god.
  1873 | D:2      | Reached skill level 1 in Armour
  2020 | D:3      | Reached skill level 1 in Fighting
  2292 | D:3      | Found a sacrificial altar of Ru.
  2647 | D:3      | Found Lyfecaeg's Magic Scroll Shoppe.
  2652 | D:3      | Bought a scroll of magic mapping for 35 gold pieces
  2652 | D:3      | Bought a scroll of identify for 20 gold pieces
  2652 | D:3      | Bought a scroll of teleportation for 30 gold pieces
  2762 | D:3      | Reached XP level 4. HP: 25/25 MP: 11/13
  3161 | D:4      | Reached skill level 6 in Spellcasting
  3161 | D:4      | Reached skill level 1 in Fire Magic
  3270 | D:4      | Found Misemur's Magic Scroll Shop.
  3276 | D:4      | Bought a scroll of blinking for 105 gold pieces
  3299 | D:4      | Reached XP level 5. HP: 29/29 MP: 8/15
  3444 | D:4      | Found a staircase to the Ecumenical Temple.
  3484 | D:5      | Entered Level 5 of the Dungeon
  3795 | D:5      | Reached skill level 1 in Air Magic
  3972 | D:5      | Noticed an ice beast
  4012 | Temple   | Entered the Ecumenical Temple
  4284 | Temple   | Became a worshipper of Vehumet
  4530 | D:4      | Reached XP level 6. HP: 34/34 MP: 10/17
  5032 | D:4      | Found a runed translucent gate.
  5032 | D:4      | Found a runed translucent gate.
  5034 | D:4      | Found a runed translucent gate.
  5034 | D:4      | Noticed logorrheac's ghost (amateur DsCj)
  5069 | D:4      | Found Loskygyi's Lightly-Used Armoury.
  5436 | D:5      | Killed an ice beast
  5437 | D:5      | Reached skill level 7 in Spellcasting
  5437 | D:5      | Reached skill level 1 in Poison Magic
  5619 | D:5      | Noticed a hornet
  5625 | D:5      | Killed a hornet
  5626 | D:5      | Reached skill level 1 in Evocations
  5626 | D:5      | Reached XP level 7. HP: 24/40 MP: 14/20
  5813 | D:5      | Found a broken altar of Ashenzari.
  5823 | D:5      | Reached skill level 8 in Spellcasting
  6704 | D:6      | Noticed Prince Ribbit
  6727 | D:6      | Killed Prince Ribbit
  6728 | D:6      | Reached skill level 9 in Spellcasting
  6728 | D:6      | Reached XP level 8. HP: 44/44 MP: 16/23
  6739 | D:6      | Reached * piety under Vehumet
  6739 | D:6      | Offered knowledge of Shock by Vehumet.
  6740 | D:6      | Reached skill level 5 in Conjurations
  6746 | D:6      | Learned a level 1 spell: Shock
  6799 | D:6      | Noticed Blork the orc
  6825 | D:6      | Reached skill level 10 in Spellcasting
  6828 | D:6      | Killed Blork the orc
  6902 | D:6      | Noticed a troll
  6924 | D:6      | Killed a troll
  7063 | D:6      | Found a glowing golden altar of the Shining One.
  7109 | D:6      | Killed an unseen horror
  7110 | D:6      | Reached skill level 11 in Spellcasting
  7123 | D:6      | Reached XP level 9. HP: 24/49 MP: 9/26
  7333 | D:6      | Found a basalt altar of Yredelemnul.
  7770 | D:4      | Killed logorrheac's ghost
  7775 | D:4      | Reached ** piety under Vehumet
  7775 | D:4      | Offered knowledge of Static Discharge by Vehumet.
  8494 | D:7      | Reached skill level 12 in Spellcasting
  8770 | D:7      | Identified the +2 leather armour "Coameoh" {-Cast rC+++
                  | Str-5 Dex+8}
  8796 | D:7      | Found a sparkling altar of Nemelex Xobeh.
  9187 | D:8      | Noticed a white ugly thing
  9291 | D:8      | Found a flagged portal.
  9293 | D:8      | Noticed Maggie
  9301 | Bailey   | Entered a bailey
 10250 | Bailey   | Reached XP level 10. HP: 56/56 MP: 21/28
 10328 | Bailey   | Learned a level 7 spell: Orb of Destruction
 10350 | Bailey   | Reached skill level 13 in Spellcasting
 10440 | Bailey   | Reached skill level 5 in Fire Magic
 10535 | Bailey   | Noticed an orc knight
 10602 | Bailey   | Offered knowledge of Scorch by Vehumet.
 10964 | Bailey   | Reached *** piety under Vehumet
 11032 | Bailey   | Killed an orc knight
 11169 | Bailey   | Found an iron altar of Okawaru.
 11524 | D:8      | Killed Maggie
 11525 | D:8      | Reached skill level 14 in Spellcasting
 11714 | D:8      | Identified the +0 leather armour "Mimik" {rF+ Stlth+}
 11767 | D:8      | Offered knowledge of Ignite Poison by Vehumet.
 11791 | D:8      | Killed a white ugly thing
 12079 | D:8      | Noticed Erica
 12087 | D:8      | Killed Erica
 12087 | D:8      | Reached **** piety under Vehumet
 12088 | D:8      | Reached XP level 11. HP: 38/61 MP: 14/31
 13068 | D:9      | Offered knowledge of Dazzling Flash by Vehumet.
 13358 | D:8      | Reached skill level 15 in Spellcasting
 13479 | D:9      | Found a staircase to the Orcish Mines.
 13495 | D:9      | Found a staircase to the Lair.
 13515 | D:9      | Noticed a two-headed ogre
 13523 | D:9      | Killed a two-headed ogre
 13702 | D:9      | Reached skill level 5 in Armour
 13874 | D:9      | Reached skill level 1 in Shields
 14610 | D:9      | Reached ***** piety under Vehumet
 14674 | D:9      | Noticed a six-headed hydra
 14682 | D:9      | Killed a six-headed hydra
 14994 | D:10     | Entered Level 10 of the Dungeon
 15324 | D:10     | Offered knowledge of Lee's Rapid Deconstruction by Vehumet.
 15340 | D:10     | Reached skill level 16 in Spellcasting
 15501 | D:10     | Found a blossoming altar of Fedhas.
 15503 | D:10     | Noticed a tengu warrior
 15505 | D:10     | Found a transporter.
 15506 | D:10     | Noticed an ice dragon
 15509 | D:10     | Noticed a catoblepas
 15530 | D:10     | Found a transporter.
 15737 | D:10     | Found an ancient bone altar of Kikubaaqudgha.
 15794 | D:10     | Noticed a two-headed ogre
 15816 | D:10     | Killed a two-headed ogre
 16773 | D:3      | Bought a scroll of acquirement for 520 gold pieces
 16783 | D:3      | Acquired the +0 staff of Battle
 16783 | D:3      | Found the +0 staff of Battle
 16785 | D:3      | Acquired 901 gold pieces
 16789 | D:3      | Acquired 1011 gold pieces
 16791 | D:3      | Acquired the +0 pair of gloves of the Shining Light {Fly
                  | Regen+ Dex-5}
 17131 | D:11     | Noticed a boulder beetle
 17138 | D:11     | Killed a boulder beetle
 17227 | D:11     | Noticed a seven-headed hydra
 17234 | D:11     | Killed a seven-headed hydra
 17571 | D:11     | Reached XP level 12. HP: 66/66 MP: 29/34
 17581 | D:11     | Reached skill level 10 in Conjurations
 17938 | D:11     | Noticed Fannar
 17984 | D:11     | Noticed a boulder beetle
 18006 | D:11     | Killed a boulder beetle
 18007 | D:11     | Reached skill level 17 in Spellcasting
 18024 | D:11     | Killed Fannar
 18445 | D:12     | Noticed a two-headed ogre
 18451 | D:12     | Killed a two-headed ogre
 18537 | D:12     | Offered knowledge of Fulminant Prism by Vehumet.
 18948 | D:12     | Found a blossoming altar of Fedhas.
 19062 | D:13     | Noticed a two-headed ogre
 19063 | D:13     | Killed a two-headed ogre
 19129 | D:13     | Reached skill level 18 in Spellcasting
 19316 | D:13     | Noticed an eight-headed hydra
 19330 | D:13     | Killed an eight-headed hydra
 19394 | D:13     | Noticed a centaur warrior
 19408 | D:13     | Killed a centaur warrior
 19517 | D:13     | Noticed a centaur warrior
 19523 | D:13     | Killed a centaur warrior
 20018 | D:13     | Reached skill level 5 in Shields
 20048 | D:13     | Noticed a centaur warrior
 20055 | D:13     | Killed a centaur warrior
 20056 | D:13     | Reached XP level 13. HP: 70/70 MP: 32/37
 20522 | D:14     | Reached skill level 10 in Fire Magic
 20531 | D:14     | Reached skill level 19 in Spellcasting
 20577 | D:14     | Noticed an ironbound preserver
 20593 | D:14     | Killed an ironbound preserver
 20976 | D:14     | Reached skill level 5 in Fighting
 21143 | D:14     | Noticed Jorgrun
 21154 | D:14     | Killed Jorgrun
 21229 | D:14     | Found a gate to the Vaults.
 21463 | D:15     | Entered Level 15 of the Dungeon
 21498 | D:15     | Offered knowledge of Lightning Bolt by Vehumet.
 21503 | D:15     | Reached skill level 20 in Spellcasting
 21702 | D:15     | Reached XP level 14. HP: 61/79 MP: 29/40
 21723 | D:15     | Noticed a stone giant
 21733 | D:15     | Killed a stone giant
 22152 | D:15     | Identified Roxanne's Incunabulum of Stones
 22152 | D:15     | Noticed Roxanne
 22161 | D:15     | Killed Roxanne
 22601 | D:15     | Found a staircase to the Depths.
 22680 | D:15     | Slain by an enormous slime creature

Illustrated notes

Levels and vault maps discovered:
D:1:      moated_graveyard_arrival, layout_basic, minmay_nonomino_d4
D:2:      layout_loops_cross, hellmonk_ecumenical_altar_dog_temple
D:3:      layout_loops_corners, nicolae_ru_the_path_less_chosen, serial_shops,
          nicolae_diamond_shop
D:4:      layout_loops_ring, minmay_temple_entry_from_below_a,
          gammafunk_ghost_nasty_kobolds, serial_shops, shop,
          hangedman_feature_mirror, minmay_misc_feat_tower, minmay_shop_damaged
D:5:      layout_cave_pods, nicolae_ashenzari_panopticon
D:6:      minmay_evil_eye, layout_rooms, lemuel_crystal_altar,
          mainiacjoe_overflow_catwalk, uniq_prince_ribbit1, uniq_blork_the_orc
D:7:      layout_loops_ring, nemelex_spade_bored_becter
D:8:      layout_layer_cave, enter_bailey_6, kennysheep_just_a_vault,
          uniq_erica, uniq_maggie
D:9:      layout_stronghold, lair_entry_dummy, erik_orc_4
D:10:     layout_basic, mainiacjoe_overflow_alcove_4,
          gammafunk_temple_overflow_arena
D:11:     layout_long_grid, chequers_arboretum, hangedman_incinerator,
          uniq_fannar
D:12:     layout_roguey [special_room_orc], fedhas_altar_3
D:13:     layout_irregular_city
D:14:     layout_roguey, skrybe_vaults_entry_preservation,
          kennysheep_generic_room_12, uniq_jorgrun
D:15:     grunt_enter_depths_snipers, layout_irregular_city, uniq_roxanne
Temple:   regret_index_temple_generic_petals

Skill      XL: |  1  2  3  4  5  6  7  8  9 10 11 12 13 14 |
---------------+-------------------------------------------+-----
Spellcasting   | 5 6 7 9 11 12 14 16 18 20 | 20.7
Armour         | 1 2 3 4 5 |  5.0
Fighting       | 1 2 4 5 6 |  6.1
Conjurations   | 2 3 4 6 7 8 9 11 12 | 12.6
Dodging        | 3 |  3.0
Fire Magic     | 1 2 4 6 8 9 11 | 11.4
Stealth        | 3 |  3.1
Air Magic      | 1 |  1.1
Poison Magic   | 1 |  1.3
Evocations     | 1 |  1.3
Shields        | 3 5 |  5.0
Summonings     | |  1.1
Translocations | |  1.1

Action                   |  1- 3 |  4- 6 |  7- 9 | 10-12 | 13-15 || total
-------------------------+-------+-------+-------+-------+-------++-------
Melee: Dagger            |    10 |       |       |       |       ||    10
       Short sword       |     7 |    30 |    87 |    47 |       ||   171
       Punch             |       |       |     1 |     1 |       ||     2
       Katana            |       |       |       |   190 |       ||   190
       Staff             |       |       |       |     6 |     2 ||     8
 Fire: Hand crossbow     |       |       |       |    13 |       ||    13
 Cast: Magic Dart        |   104 |   120 |   105 |   113 |     4 ||   446
       Conjure Flame     |       |     4 |    19 |    23 |     5 ||    51
       Blink             |       |     2 |     4 |    10 |     7 ||    23
       Mephitic Cloud    |       |     2 |    24 |    50 |    18 ||    94
       Call Imp          |       |     1 |     4 |     6 |       ||    11
       Shock             |       |       |    55 |   215 |   188 ||   458
       Orb of Destructio |       |       |       |    20 |    12 ||    32
Evoke: Wand              |       |       |     1 |       |       ||     1
  Use: Scroll            |       |       |       |    13 |     4 ||    17
 Stab: Sleeping          |     4 |     1 |       |     2 |       ||     7
       Confused          |       |       |    12 |    18 |       ||    30
Armor: Robe              |    12 |       |       |   106 |    25 ||   143
       Leather armour    |       |    13 |    36 |       |       ||    49
Dodge: Dodged            |    18 |    36 |    52 |   181 |    29 ||   316
Block: Buckler           |       |       |       |       |    15 ||    15

Table legend: (Time is in decaauts)
 A = Elapsed time spent in this place.
 B = Non-inter-level travel time spent in this place.
 C = Inter-level travel time spent in this place.
 D = Time resting spent in this place.
 E = Time spent auto-exploring this place.
 F = Levels seen in this place.
 G = Mean time per level.
                   A        B        C        D        E       F      G
               +--------+--------+--------+--------+--------+-----+--------+
         Total |  22762 |  21588 |   1174 |    915 |  16971 |  17 | 1338.9 |
       Dungeon |  20205 |  19074 |   1131 |    550 |  15367 |  15 | 1347.0 |
        Temple |    363 |    321 |     42 |      0 |    254 |   1 |  363.0 |
        Bailey |   2194 |   2194 |      0 |    365 |   1350 |   1 | 2194.0 |
               +--------+--------+--------+--------+--------+-----+--------+

Top non-repeatable levels by time:
  Bailey: 2194 daAuts
     D:8: 2084 daAuts
     D:5: 1974 daAuts
     D:9: 1724 daAuts
     D:4: 1707 daAuts
    D:10: 1645 daAuts
     D:7: 1276 daAuts
    D:14: 1252 daAuts
     D:1: 1222 daAuts
    D:11: 1217 daAuts
    D:15: 1216 daAuts
     D:6: 1197 daAuts
    D:13: 1175 daAuts
     D:3: 1037 daAuts
     D:2: 776 daAuts
